 Dungeon Crawl Stone Soup version 0.28-a0-1447-ga5a8893891 (webtiles) character file.

Game seed: 17701239190758913170

93 ytrimaz the Insei (level 4, -1/29 HPs)
             Began as an Octopode Transmuter on Jan 10, 2022.
             Slain by an orc (10 damage)
             ... on level 3 of the Dungeon.
             The game lasted 00:01:27 (2265 turns).

ytrimaz the Insei (Octopode Transmuter)             Turns: 2265, Time: 00:01:28

Health: -1/29      AC:  1    Str:  9    XL:     4   Next: 61%
Magic:  5/8        EV: 13    Int: 17    God:
Gold:   97         SH:  0    Dex: 12    Spells: 2/8 levels left

rFire   . . .      SeeInvis .     - Unarmed
rCold   . . .      Faith    .   (no shield)
rNeg    . . .      Spirit   .   (helmet restricted)
rPois   .          Reflect  .   (no amulet)
rElec   .          Harm     .   (no ring)
rCorr   .          Rampage  .   (no ring)
Will    .....                   (no ring)
Stlth   ++........              (no ring)
HPRegen 0.09/turn               (no ring)
MPRegen 0.11/turn               (no ring)
                                (no ring)
                                (no ring)

@: wereblooded
A: almost no armour, amphibious, 8 rings, camouflage 1, gelatinous body 1,
(nimble swimmer 1), tentacles
a: no special abilities


You were on level 3 of the Dungeon.
You visited 1 branch of the dungeon, and saw 3 of its levels.

You collected 97 gold pieces.

Inventory:

Scrolls
 b - 2 scrolls of teleportation
Potions
 c - a potion of flight {unknown}


   Skills:
 * Level 1.7 Fighting
 * Level 2.5 Dodging
 + Level 3.4 Unarmed Combat
 * Level 2.9 Spellcasting
 * Level 2.7 Transmutations


You had 2 spell levels left.
You knew the following spells:

 Your Spells              Type           Power      Damage    Failure   Level
a - Beastly Appendage     Tmut           22%        N/A       6%          1
b - Wereblood             Tmut           11%        N/A       9%          2
c - Spider Form           Tmut/Pois      7%         N/A       30%         3

Your spell library contained the following spells:

 Spells                   Type           Power      Damage    Failure   Level
 Ozocubu's Armour         Ice            2%         N/A       47%         3
 Ice Form                 Ice/Tmut       7%         N/A       69%         4
 Metabolic Englaciation   Hex/Ice        1%         N/A       99%         5
 Simulacrum               Ice/Necr       1%         N/A       100%        6


Dungeon Overview and Level Annotations

Branches:
Dungeon (3/15)

Altars:
Wu Jian


Innate Abilities, Weirdness & Mutations

You cannot wear most types of armour.
You are amphibious.
You can wear up to eight rings at the same time.
Your skin changes colour to match your surroundings (Stealth+).
Your rubbery body absorbs attacks. (AC +1, EV +1)
((You are camouflaged when in or above water. (Stealth+)))
You have tentacles for arms and can constrict up to eight enemies at once.


Message History

The orc priest is moderately wounded.
Your tentacle spike disappears.
The orc priest closely misses you.
You bludgeon the orc priest! Your grab misses the orc priest.
The orc priest is almost dead.
The orc priest misses you.
You bludgeon the orc priest!
You feel a bit better.
You kill the orc priest!
Items here: )) †††.
You howl as the wereblood boils in your veins!
An orc comes into view. It is wielding a +0 mace.
An orc priest comes into view. It is wielding a +0 club.
There are monsters nearby!
There are monsters nearby!
You tentacle-slap the orc priest but do no damage.
You grab the orc priest.
You howl as the wereblood boils in your veins!
You constrict the orc priest, but do no damage.
The orc hits you with a +0 mace. The orc priest hits you with a +0 club.
You tentacle-slap the orc priest. You squeeze the orc priest.
The orc priest is heavily wounded.
You howl as the wereblood boils in your veins!
You constrict the orc priest, but do no damage.
The orc closely misses you.
An orc comes into view. It is wielding a +0 flail.
The orc priest mumbles some strange prayers to Beogh against you.
You barely resist.
You tentacle-slap the orc priest but do no damage.
The orc priest is heavily wounded.
You constrict the orc priest.
The orc priest hits you but does no damage.
You tentacle-slap the orc priest.
You squeeze the orc priest, but do no damage.
The orc priest is severely wounded.
You constrict the orc priest, but do no damage.
The orc priest hits you with a +0 club.
You barely miss the orc priest.
The orc priest is severely wounded.
You constrict the orc priest. The orc hits you with a +0 flail!
You die...

#...#.##...######
#...#.....##
#...#.###.#
....#.###.#
#.#.......#####
..............#
##.^..#.####o#####
#......###o#....###
#.......)@###..)...
..[.....###o#.>..#
.##.########.#...##.##
#. ................. #
#######.....##.#
.........)...#
######.........
....###.## ##..## .>


You could see an orc priest and 2 orcs.

Vanquished Creatures
  An orc priest (D:3)
  2 adders (D:2)
  A gnoll (D:1)
  2 dart slugs
  An orc (D:3)
  3 ball pythons (D:1)
  2 endoplasms
  2 giant cockroaches
  6 goblins
  6 hobgoblins
  A quokka (D:3)
  A frilled lizard (D:1)
  2 rats
30 creatures vanquished.

Notes
Turn   | Place    | Note
-------+----------+-------------------------------------------
     0 | D:1      | ytrimaz the Octopode Transmuter began the quest for the
                  | Orb.
     0 | D:1      | Reached XP level 1. HP: 13/13 MP: 3/3
    90 | D:1      | Reached XP level 2. HP: 11/18 MP: 3/5
   279 | D:1      | Found a faded altar of an unknown god.
   684 | D:1      | Reached XP level 3. HP: 19/23 MP: 4/6
   688 | D:1      | Learned a level 2 spell: Wereblood
   692 | D:1      | Learned a level 3 spell: Spider Form
  1366 | D:2      | Found an ornate altar of the Wu Jian Council.
  2071 | D:3      | Reached XP level 4. HP: 22/28 MP: 6/8
  2265 | D:3      | Slain by an orc

Illustrated notes

Levels and vault maps discovered:
D:1:      dpeg_arrival_rooms_b, layout_loops_corners,
          ebering_ecumenical_altar_rust
D:2:      layout_basic, basic_altar
D:3:      layout_loops_ring

Action                   |  1- 3 |  4- 6 || total
-------------------------+-------+-------++-------
Melee: Unarmed           |    51 |    18 ||    69
       Kick              |    14 |     5 ||    19
       Constrict         |    14 |     2 ||    16
       Tentacles         |     6 |     3 ||     9
       Punch             |     1 |       ||     1
 Cast: Beastly Appendage |    19 |     2 ||    21
       Wereblood         |       |     1 ||     1
Evoke: Wand              |       |     1 ||     1
  Use: Scroll            |     5 |       ||     5
 Stab: Sleeping          |     1 |       ||     1
Armor: Skin              |     4 |     2 ||     6
Dodge: Dodged            |    28 |     9 ||    37

Table legend: (Time is in decaauts)
 A = Elapsed time spent in this place.
 B = Non-inter-level travel time spent in this place.
 C = Inter-level travel time spent in this place.
 D = Time resting spent in this place.
 E = Time spent auto-exploring this place.
 F = Levels seen in this place.
 G = Mean time per level.
                   A        B        C        D        E       F      G
               +--------+--------+--------+--------+--------+-----+--------+
         Total |   2260 |   2219 |     41 |      0 |   1942 |   3 |  753.3 |
       Dungeon |   2260 |   2219 |     41 |      0 |   1942 |   3 |  753.3 |
               +--------+--------+--------+--------+--------+-----+--------+

Top non-repeatable levels by time:
     D:1: 1319 daAuts
     D:2: 705 daAuts
     D:3: 236 daAuts
